 Dungeon Crawl Stone Soup version 0.31.0-32-g396128a36d (webtiles) character file.

Game seed: 2565038612470138980

4802 monsoonserge the Grappler (level 10, 0/76 HPs)
             Began as a Gnoll Shapeshifter on Mar 11, 2024.
             Was an Initiate of Gozag.
             Slain by an orc warrior
             ... wielding a +3 halberd
              (21 damage)
             ... in a bailey.
             The game lasted 00:23:13 (7261 turns).

monsoonserge the Grappler (Gnoll Shapeshifter)      Turns: 7261, Time: 00:23:14

Health: 0/76       AC:  4    Str: 22    XL:     10   Next: 48%
Magic:  0/18       EV: 20    Int: 10    God:    Gozag
Gold:   1110       SH:  0    Dex: 18    Spells: 20/20 levels left

rFire   . .          .
                       - Unarmed
rCold   . . .        u - melded +0 buckler
rNeg    . . .        y - melded +0 chain mail
rPois   .            F - +1 helmet
rElec   .            (no cloak)
rCorr   .            a - +0 pair of gloves
SInv    .            t - +0 pair of boots
Will    .....        j - amulet "Jaakler" {Spirit ^Drain Str+5 Slay+5}
Stlth   ++           p - +6 ring of dexterity
HPRegen 0.32/turn    C - +4 ring of slaying
MPRegen 0.16/turn

%: guardian spirit
@: flux-form, gold aura, glowing
A: glow, contaminating, fangs 1, strong nose, distributed training
a: Begin Untransformation, Renounce Religion, Potion Petition, Call Merchant,
Bribe Branch


You were in a bailey.
You worshipped Gozag.
Gozag was most pleased with you.
You were something dangerously unstable.
You visited 2 branches of the dungeon, and saw 11 of its levels.
You also visited: Bailey.

You collected 1159 gold pieces.
You paid 49 gold pieces to Gozag.

Inventory:

Missiles
 z - 3 poisoned darts
 K - 3 datura-tipped darts
Armour
 a - a +0 pair of gloves (worn)
 l - a +0 leather armour
 t - a +0 pair of boots (worn)
 u - a +0 buckler (melded)
 x - a +1 robe of willpower
 y - a +0 chain mail (melded)
 F - a +1 helmet (worn)
 J - a +0 scale mail
Jewellery
 j - the amulet "Jaakler" (around neck) {Spirit ^Drain Str+5 Slay+5}
   (You found it on level 2 of the Dungeon)

   [amulet of guardian spirit]

   Spirit:    It causes incoming damage to be divided between your reserves of
   health and magic.
   Str+5:     It affects your strength (+5).
   Slay+5:    It affects your accuracy & damage with ranged weapons and melee
   (+5).
   ^Drain:    It drains your maximum health when unequipped.
 p - a +6 ring of dexterity (left hand)
 C - a +4 ring of slaying (right hand)
Talismans
 c - a beast talisman
 d - a flux talisman (active)
 I - a maw talisman
Wands
 w - a wand of polymorph (9)
 A - a wand of digging (5)
 H - a wand of flame (9) (quivered)
Scrolls
 e - a scroll of enchant armour
 f - 2 scrolls of noise {unknown}
 h - 2 scrolls of poison
 k - a scroll of revelation
 o - 2 scrolls of fog
 r - 2 scrolls of immolation
 v - a scroll of vulnerability
 G - a scroll of blinking {unknown}
Potions
 b - 3 potions of lignification
 g - 2 potions of might {unknown}
 i - 2 potions of heal wounds
 m - a potion of degeneration {unknown}
 n - 3 potions of curing {unknown}
 q - a potion of brilliance {unknown}
 s - 2 potions of ambrosia {unknown}
 B - a potion of magic {unknown}
 D - 4 potions of enlightenment {unknown}
 E - a potion of invisibility {unknown}


   Skills:
 + Level 6.1 Fighting
 + Level 5.5 Short Blades
 + Level 5.5 Long Blades
 + Level 5.5 Axes
 + Level 5.5 Maces & Flails
 + Level 5.5 Polearms
 + Level 5.5 Staves
 + Level 5.5 Ranged Weapons
 + Level 5.5 Throwing
 + Level 5.5 Armour
 + Level 7.2 Dodging
 + Level 5.5 Stealth
 + Level 5.5 Shields
 + Level 8.7 Unarmed Combat
 + Level 5.5 Spellcasting
 + Level 4.5 Conjurations
 + Level 4.5 Hexes
 + Level 4.5 Summonings
 + Level 4.5 Necromancy
 + Level 4.5 Translocations
 + Level 4.5 Fire Magic
 + Level 4.5 Ice Magic
 + Level 4.5 Air Magic
 + Level 4.5 Earth Magic
 + Level 4.5 Alchemy
 + Level 6.1 Invocations
 + Level 5.5 Evocations
 + Level 8.3 Shapeshifting


You had 20 spell levels left.
You didn't know any spells.
Your spell library contained the following spells:

 Spells                   Type           Power      Damage    Failure   Level
 Apportation              Tloc           22%        N/A       3%          1
 Shock                    Conj/Air       44%        1d5       3%          1
 Sting                    Conj/Alch      44%        1d5       3%          1
 Jinxbite                 Hex            22%        N/A       4%          2
 Mercury Vapours          Alch/Air       22%        N/A       4%          2
 Swiftness                Air            11%        N/A       10%         3
 Airstrike                Air            5%         2d(1-17)  32%         4
 Olgreb's Toxic Radiance  Alch           11%        N/A       32%         4
 Alistair's Intoxication  Alch           7%         N/A       67%         5


Dungeon Overview and Level Annotations

Branches:
Dungeon (10/15)            Temple (1/1) D:7          Bailey (1/1)
   Lair: D:8-11         Orc: D:9-12

Altars:
Ashenzari
Cheibriados
Dithmenos
Elyvilon
Fedhas
Gozag
Hepliaklqana
Kikubaaqudgha
Makhleb
Nemelex Xobeh
Okawaru
Qazlal
Ru
Sif Muna
Trog
Uskayaw
Vehumet
Wu Jian
Xom
Yredelemnul
Zin

Portals:
Abyss: D:4

Annotations:
D:4 2 transporters, bairyn's ghost, amateur OnFE
D:8 Jeremiah


Innate Abilities, Weirdness & Mutations

You are something dangerously unstable.
You glow with magical radiation, making you easy to see and hit.
Foes you strike become dangerously contaminated with magical radiation.
You are incapable of wielding weapons or throwing items.
You have very sharp teeth.
Your uncanny sense of smell can sniff out nearby items.
Your experience applies equally to all skills.


Message History

The orc knight hits you with a +0 halberd!
Okay, then.
Press: ? - help, v - describe, . - travel
Here: an orc warrior, wielding a +3 halberd and wearing a +0 chain mail (strong)
The floor.
Okay, then.
Aiming: Polymorph
Press: ? - help, Shift-Dir - straight line, f/p - orc knight
Aim: an orc knight, wielding a +0 halberd and wearing a +0 ring mail (moderately wounded, contaminated, misshapen and mutated, will become a jumping spider, a snapping turtle, or a guardian serpent, chance to affect: 57%)
The orc knight resists with significant effort.
The orc warrior misses you.
The orc knight hits you with a +0 halberd!
Aiming: Polymorph
Press: ? - help, Shift-Dir - straight line, f/p - orc knight
Aim: an orc knight, wielding a +0 halberd and wearing a +0 ring mail (moderately wounded, contaminated, misshapen and mutated, will become a jumping spider, a snapping turtle, or a guardian serpent, chance to affect: 57%)
The orc knight evaporates and reforms as a guardian serpent!
The guardian serpent hits you but does no damage.
The orc warrior barely misses you.
You hit the guardian serpent.
The guardian serpent begins to glow.
The guardian serpent is heavily wounded.
The guardian serpent casts a spell at you.
You resist with significant effort.
You punch the guardian serpent!
The guardian serpent glows dangerously bright.
You bite the guardian serpent.
The guardian serpent is severely wounded.
The guardian serpent barely misses you. The orc warrior closely misses you.
The guardian serpent hits you!!
* * * LOW HITPOINT WARNING * * *
You hit the guardian serpent.
The guardian serpent shudders as magic cascades through it!!
You kill the guardian serpent!
The orc knight returns to its original shape as it dies.
The orc warrior closely misses you.
You feel much better.
The orc warrior hits you from afar with a +3 halberd!
* * * LOW HITPOINT WARNING * * *
The orc warrior hits you with a +3 halberd!!
You die...
Your body crumbles into a pile of gold.

########### ##.........##
##..~~~~~~~..##
##..~~.....~~..##
#####..~~..###..~~..##########
......~~..## ##).~~..........#
~~~~~~~.)##.∩.##..~))~~~~~~~.#
........##.....##....).)...~.#
############+###p#########.~.#
# .......o# ∆∆∆ ##.~.# ##
§≈≈§≈§≈.. ∆ ##..~.# .##
§.....≈§.. # ##..~~.# ..#
..⌠∩⌠.§....#'#..~~.∩# ..#+#
...⌠..§≈§..#'#..~~.## .##.##
≈.....§§..##.##..~~.# ##.$.
≈≈§.≈§≈..+#...##..~.# #.$$$.#
#.....##.~.#


You could see an orc warrior (strong).

Vanquished Creatures
  A two-headed ogre (D:10)
  Pikel (D:8)
  A guardian serpent (Bailey)
  2 ynoxinuls (D:10)
  2 yaks (D:8)
  2 steam dragons
  A water moccasin (D:7)
  2 orc warriors
  2 black bears
  3 sky beasts
  An ogre (D:5)
  A centaur (D:9)
  A phantom (D:5)
  2 lemures
  2 bullfrogs (D:7)
  A scorpion (D:6)
  8 wights (D:6)
  A killer bee (D:6)
  3 howler monkeys (D:7)
  A quasit (D:10)
  3 hounds
  2 gnoll boudas
  2 orc priests
  2 iguanas
  8 orc wizards
  14 gnolls
  4 adders
  A shadow imp (D:9)
  A white imp (D:5)
  2 ufetubi (D:6)
  4 dart slugs
  35 orcs
  6 ball pythons
  6 endoplasms
  6 giant cockroaches
  11 goblins
  7 hobgoblins
  11 kobolds
  4 quokkas
  3 bats (D:1)
  3 frilled lizards
  10 rats
183 creatures vanquished.

Notes
Turn   | Place    | Note
-------+----------+-------------------------------------------
     0 | D:1      | monsoonserge the Gnoll Shapeshifter began the quest for the
                  | Orb.
     0 | D:1      | Reached XP level 1. HP: 17/17 MP: 1/1
   123 | D:1      | Reached XP level 2. HP: 17/23 MP: 2/2
   137 | D:1      | Found a faded altar of an unknown god.
   205 | D:1      | You fall into a shaft and drop 1 floor!
   244 | D:2      | Identified the amulet "Jaakler" {Spirit ^Drain Str+5
                  | Slay+5}
   422 | D:2      | Reached XP level 3. HP: 25/28 MP: 3/3
   741 | D:1      | Reached skill level 1 in Invocations
   821 | D:1      | Reached skill level 1 in Short Blades
   821 | D:1      | Reached skill level 1 in Long Blades
   821 | D:1      | Reached skill level 1 in Axes
   821 | D:1      | Reached skill level 1 in Maces & Flails
   821 | D:1      | Reached skill level 1 in Polearms
   821 | D:1      | Reached skill level 1 in Staves
   821 | D:1      | Reached skill level 1 in Ranged Weapons
   821 | D:1      | Reached skill level 1 in Throwing
   821 | D:1      | Reached skill level 1 in Armour
   821 | D:1      | Reached skill level 1 in Stealth
   821 | D:1      | Reached skill level 1 in Shields
   821 | D:1      | Reached skill level 1 in Spellcasting
   821 | D:1      | Reached skill level 1 in Evocations
  1894 | D:3      | Reached XP level 4. HP: 32/34 MP: 3/5
  2275 | D:3      | Reached skill level 1 in Conjurations
  2275 | D:3      | Reached skill level 1 in Hexes
  2275 | D:3      | Reached skill level 1 in Summonings
  2275 | D:3      | Reached skill level 1 in Necromancy
  2275 | D:3      | Reached skill level 1 in Translocations
  2275 | D:3      | Reached skill level 1 in Fire Magic
  2275 | D:3      | Reached skill level 1 in Ice Magic
  2275 | D:3      | Reached skill level 1 in Air Magic
  2275 | D:3      | Reached skill level 1 in Earth Magic
  2275 | D:3      | Reached skill level 1 in Alchemy
  2839 | D:4      | Reached XP level 5. HP: 26/40 MP: 4/7
  2913 | D:4      | Found a transporter.
  2913 | D:4      | Found a one-way gate to the infinite horrors of the Abyss.
  2913 | D:4      | Noticed bairyn's ghost (amateur OnFE)
  2953 | D:4      | Found a transporter.
  3038 | D:4      | Found an opulent altar of Gozag.
  3048 | D:4      | Became a worshipper of Gozag Ym Sagoz the Greedy
  3572 | D:5      | Entered Level 5 of the Dungeon
  3674 | D:5      | Reached XP level 6. HP: 47/47 MP: 8/8
  3682 | D:5      | Reached skill level 5 in Dodging
  3775 | D:5      | Noticed a black bear
  3781 | D:5      | Killed a black bear
  3836 | D:5      | Reached XP level 7. HP: 51/52 MP: 10/10
  4270 | D:5      | Found a white marble altar of Elyvilon.
  4650 | D:6      | Identified the +9 falchion "Cadowiel" {heavy, rElec Int+3
                  | Dex-3}
  4708 | D:6      | Reached XP level 8. HP: 39/59 MP: 8/12
  5228 | D:7      | Found a staircase to the Ecumenical Temple.
  5237 | Temple   | Entered the Ecumenical Temple
  5615 | D:7      | Reached XP level 9. HP: 66/66 MP: 14/14
  5729 | D:7      | Reached skill level 5 in Fighting
  5734 | D:7      | Found a shadowy altar of Dithmenos.
  6241 | D:8      | Reached skill level 5 in Invocations
  6390 | D:8      | Noticed Pikel
  6514 | D:8      | Noticed Jeremiah
  6546 | D:9      | Noticed a two-headed ogre
  6580 | D:8      | Noticed a two-headed ogre
  6618 | D:8      | Killed Pikel
  6619 | D:8      | Reached skill level 5 in Short Blades
  6619 | D:8      | Reached skill level 5 in Long Blades
  6619 | D:8      | Reached skill level 5 in Axes
  6619 | D:8      | Reached skill level 5 in Maces & Flails
  6619 | D:8      | Reached skill level 5 in Polearms
  6619 | D:8      | Reached skill level 5 in Staves
  6619 | D:8      | Reached skill level 5 in Ranged Weapons
  6619 | D:8      | Reached skill level 5 in Throwing
  6619 | D:8      | Reached skill level 5 in Armour
  6619 | D:8      | Reached skill level 5 in Stealth
  6619 | D:8      | Reached skill level 5 in Shields
  6619 | D:8      | Reached skill level 5 in Spellcasting
  6619 | D:8      | Reached skill level 5 in Evocations
  6619 | D:8      | Reached XP level 10. HP: 41/76 MP: 8/17
  6760 | D:10     | Entered Level 10 of the Dungeon
  6772 | D:10     | Noticed a two-headed ogre
  6780 | D:10     | Killed a two-headed ogre
  6987 | D:10     | Found a flagged portal.
  7013 | Bailey   | Entered a bailey
  7228 | Bailey   | Noticed an orc knight
  7256 | Bailey   | an orc knight changed into a guardian serpent
  7256 | Bailey   | Noticed a guardian serpent
  7259 | Bailey   | Killed a guardian serpent
  7261 | Bailey   | Slain by an orc warrior

Illustrated notes

Levels and vault maps discovered:
D:1:      nagdon_arrival_zigzag_paths, layout_basic,
          shapermc_ecumenical_altar_starsandcircs
D:2:      layout_basic, minmay_goblin_outpost
D:3:      layout_loops_corners
D:4:      layout_loops_ring, nicolae_gozag_cash_rules_everything_around_me,
          gammafunk_ghost_abyssal_escape, hangedman_abyss_or_decor_slice
D:5:      layout_rooms, mainiacjoe_overflow_concentric_impassable, st_stairs_10
D:6:      layout_rooms
D:7:      layout_gridville, mainiacjoe_overflow_surrounded_room,
          minmay_temple_entry_statues_fountains, uniq_crazy_yiuf_cottage
D:8:      layout_rooms, uniq_pikel, uniq_jeremiah
D:9:      layout_layer_cave, nicolae_overflow_crystal_walls, hex_tiny,
          uniq_maurice
D:10:     layout_irregular_city, zombieorc2_lemuel, serial_demonic,
          serial_demonic_e, serial_demonic_c, serial_demonic_g,
          serial_demonic_a, enter_bailey_5, nicolae_benzene_ring
Temple:   dpeg_three_leaves_temple
Bailey:   bailey_polearm_1, bailey

Skill      XL: |  1  2  3  4  5  6  7  8  9 10 |
---------------+-------------------------------+-----
Invocations    | 1 2 3 4 5 6 |  6.1
Short Blades   | 1 2 3 5 |  5.5
Long Blades    | 1 2 3 5 |  5.5
Axes           | 1 2 3 5 |  5.5
Maces & Flails | 1 2 3 5 |  5.5
Polearms       | 1 2 3 5 |  5.5
Staves         | 1 2 3 5 |  5.5
Ranged Weapons | 1 2 3 5 |  5.5
Throwing       | 1 2 3 5 |  5.5
Armour         | 1 2 3 5 |  5.5
Stealth        | 1 2 3 5 |  5.5
Shields        | 1 2 3 5 |  5.5
Spellcasting   | 1 2 3 5 |  5.5
Evocations     | 1 2 3 5 |  5.5
Conjurations   | 1 2 3 4 |  4.5
Hexes          | 1 2 3 4 |  4.5
Summonings     | 1 2 3 4 |  4.5
Necromancy     | 1 2 3 4 |  4.5
Translocations | 1 2 3 4 |  4.5
Fire Magic     | 1 2 3 4 |  4.5
Ice Magic      | 1 2 3 4 |  4.5
Air Magic      | 1 2 3 4 |  4.5
Earth Magic    | 1 2 3 4 |  4.5
Alchemy        | 1 2 3 4 |  4.5
Fighting       | 3 4 5 6 |  6.1
Dodging        | 5 6 7 |  7.2
Unarmed Combat | 7 8 |  8.7
Shapeshifting  | 7 8 |  8.3

Action                     |  1- 3 |  4- 6 |  7- 9 | 10-12 || total
---------------------------+-------+-------+-------+-------++-------
  Melee: Unarmed           |    81 |    99 |   169 |    57 ||   406
         Bite              |     4 |    11 |    14 |     8 ||    37
  Throw: Dart              |       |     2 |       |     3 ||     5
  Evoke: Wand              |       |       |       |     8 ||     8
    Use: Scroll            |       |       |     9 |       ||     9
         Potion            |       |       |       |     1 ||     1
   Stab: Sleeping          |     5 |     3 |       |       ||     8
         Distracted        |       |     2 |       |       ||     2
 Armour: Animal skin       |    20 |       |       |       ||    20
         Leather armour    |    14 |    11 |       |       ||    25
         Skin              |       |     6 |       |    14 ||    20
         Chain mail        |       |    19 |   127 |    23 ||   169
  Dodge: Dodged            |    55 |    47 |    68 |    61 ||   231
  Block: Buckler           |       |    12 |    39 |    14 ||    65
   Form: Beast             |       |     2 |     2 |     2 ||     6
         Flux              |       |     2 |     2 |     2 ||     6
         Maw               |       |       |       |     1 ||     1
